 Dungeon Crawl Stone Soup version 0.27-a0-1084-g78b3836a5f (webtiles) character file.

Game seed: 17053450044060491227

16721 tsouns the Reanimator (level 12, 0/85 HPs)
             Began as a Demonspawn Necromancer on Apr 26, 2021.
             Was an Elder of Uskayaw.
             Slain by a naga
             ... wielding a +0 trident
              (10 damage)
             ... on level 3 of the Lair of Beasts on Apr 27, 2021.
             The game lasted 00:26:26 (13984 turns).

tsouns the Reanimator (Demonspawn Necromancer)     Turns: 13984, Time: 00:26:26

Health: 0/85       AC: 23    Str: 12    XL:     12   Next: 12%
Magic:  16/27      EV:  8    Int: 29    God:    Uskayaw [****..]
Gold:   726        SH:  6    Dex:  7    Spells: 20/34 levels left

rFire    . . .     SeeInvis .   x - +5 flail of a Labyrinth {drain, rPois rN+ Int+2 Dex-3}
rCold    . . .     Faith    .   (no shield)
rNeg     + . .     Spirit   .   s - +10 scale mail of the Lizard {Str+2}
rPois    +         Reflect  .   (helmet restricted)
rElec    .         Harm     .   y - +1 cloak
rCorr    .         Rampage  +   A - +1 pair of gloves of Okilay {Will+ Str+2 Dex-5}
Will     +....                  c - +2 pair of boots {rampage}
Stlth    ..........             u - amulet of regeneration
HPRegen  1.24/turn              l - +6 ring of intelligence
MPRegen  0.20/turn              e - ring of wizardry

@: lethally poisoned (0 -> -8)
A: horns 2, large bone plates 2, demonic guardian 2, powered by pain 1
a: Renounce Religion, Stomp, Line Pass


You were on level 3 of the Lair of Beasts.
You worshipped Uskayaw.
Uskayaw was noncommittal.
You visited 2 branches of the dungeon, and saw 13 of its levels.

You collected 736 gold pieces.
You spent 10 gold pieces at shops.

Inventory:

Hand Weapons
 t - a +3 dire flail of protection
 x - the +5 flail of a Labyrinth (weapon) {drain, rPois rN+ Int+2 Dex-3}
   (You found it on level 6 of the Dungeon)

   A truly terrible weapon, it drains the life of those it strikes.
   It affects your intelligence (+2).
   It affects your dexterity (-3).
   It protects you from poison.
   It protects you from negative energy.
Missiles
 b - 39 poisoned darts
 k - 3 atropa-tipped darts
 n - 5 curare-tipped darts
 p - 2 javelins
 B - 2 throwing nets
Armour
 c - a +2 pair of boots of rampaging (worn)
 s - the +10 scale mail of the Lizard (worn) {Str+2}
   (You took it off an orc on level 4 of the Dungeon)

   It affects your strength (+2).
 y - a +1 cloak (worn)
 A - the +1 pair of gloves of Okilay (worn) {Will+ Str+2 Dex-5}
   (You found it on level 5 of the Dungeon)

   It affects your strength (+2).
   It affects your dexterity (-5).
   It increases your willpower.
Jewellery
 e - a ring of wizardry (right hand)
 l - a +6 ring of intelligence (left hand)
 q - an amulet of guardian spirit
 u - an amulet of regeneration (around neck)
 w - a +6 ring of dexterity
 E - a ring of flight
 H - a ring of see invisible
 J - a ring of positive energy
Wands
 g - a wand of acid (14)
 j - a wand of flame (29)
 r - a wand of iceblast (7)
 K - a wand of polymorph (11)
Scrolls
 d - 5 scrolls of teleportation
 h - a scroll of enchant weapon
 m - 3 scrolls of blinking
 z - 2 scrolls of fear
 G - 5 scrolls of identify
Potions
 a - a potion of berserk rage
 f - 7 potions of curing
 i - a potion of haste {unknown}
 o - 4 potions of might
 v - 4 potions of magic
 C - a potion of resistance {unknown}
 D - a potion of mutation {unknown}
 F - 2 potions of heal wounds {unknown}
 I - a potion of invisibility {unknown}
 L - a potion of ambrosia {unknown}


   Skills:
 + Level 4.9 Fighting
 + Level 4.4 Maces & Flails
 - Level 1.7 Dodging
 - Level 1.7 Stealth
 + Level 11.7 Spellcasting
 + Level 14.0 Necromancy
 + Level 6.5 Invocations


You had 20 spell levels left.
You knew the following spells:

 Your Spells              Type           Power      Damage    Failure   Level
a - Pain                  Necr           100%       1d9       1%          1
b - Animate Skeleton      Necr           100%       N/A       1%          1
c - Vampiric Draining     Necr           39%        2d11      1%          3
d - Animate Dead          Necr           39%        N/A       1%          4
e - Agony                 Necr           78%        N/A       1%          5

Your spell library contained the following spells:

 Spells                   Type           Power      Damage    Failure   Level
 Apportation              Tloc           32%        N/A       7%          1
 Beastly Appendage        Tmut           32%        N/A       7%          1
 Corona                   Hex            17%        N/A       7%          1
 Summon Small Mammal      Summ           64%        N/A       7%          1
 Poisonous Vapours        Pois/Air       32%        N/A       11%         2
 Wereblood                Tmut           16%        N/A       11%         2
 Conjure Flame            Conj/Fire      16%        6-21      21%         3
 Mephitic Cloud           Conj/Pois/Air  16%        N/A       21%         3
 Spider Form              Tmut/Pois      8%         N/A       21%         3
 Ice Form                 Ice/Tmut       16%        N/A       52%         4
 Hydra Form               Tmut           8%         N/A       86%         5
 Freezing Cloud           Conj/Ice/Air   8%         6-21      100%        6


Dungeon Overview and Level Annotations

Branches:
Dungeon (10/15)            Temple (0/1) D:7            Lair (3/6) D:9
  Snake (0/4) Lair:3
  Swamp: Lair:2-4    Shoals: Lair:2-4       Orc: D:9-12

Altars:
Hepliaklqana
Uskayaw

Shops:
D:1 !   D:9 =   D:10 [

Annotations:
Lair:3 exclusion: oklob plant


Innate Abilities, Weirdness & Mutations

You have a pair of horns on your head.
You are mostly covered in large bone plates. (SH +6)
A demonic guardian rushes to your aid.
You sometimes gain a little power by taking damage.


Message History

The naga hits you from afar with a +0 trident.
Casting: Vampiric Draining (safe; 1% risk of failure)
Confirm with . or Enter, or press ? or * to list all spells.
Aiming: Vampiric Draining (safe; 1% risk of failure)
Press: ? - help, Shift-Dir - straight line, f/p - cane toad
Aim: a cane toad (moderately wounded)
You draw life force from the cane toad!
You feel life coursing into your body.
* * * LOW HITPOINT WARNING * * *
You feel extremely sick.
The cane toad stings you but does no damage. x2
The naga barely misses you.
Uskayaw will force your foes to helplessly watch your dance.
Uskayaw prepares the audience for your solo!
Casting: Vampiric Draining (safe; 1% risk of failure)
Confirm with . or Enter, or press ? or * to list all spells.
Aiming: Vampiric Draining (safe; 1% risk of failure)
Press: ? - help, Shift-Dir - straight line, f/p - cane toad
Aim: a cane toad (heavily wounded, paralysed)
Okay, then.
The helpless cane toad fails to defend itself.
You sock the cane toad! You drain the cane toad.
The cane toad is severely wounded.
You feel extremely sick.
The helpless cane toad fails to defend itself.
You sock the cane toad!
You kill the cane toad!
You feel very sick.
The naga is no longer paralysed.
The naga spits poison at you.
The splash of poison hits you but does no damage.
You are more poisoned.
You resist.
Uskayaw will force your foes to share their pain.
Uskayaw links your audience in an emotional bond!
You rampage towards the naga!
You hit the naga but do no damage.
You headbutt the naga, but do no damage.
* * * LOW HITPOINT WARNING * * *
You feel very sick. The naga hits you with a +0 trident!
You die...

. # #.#. #### .
#...# .#.#.. ##...##
###......
.......##........
..#.......#.........
.........N@.<.......
......>..N..........
...................
#.......#.........
#.......#.........
..###...###.........
.......<............
...$................
.............(..


You could see 2 nagas.

Vanquished Creatures
  A hydra (Lair:1)
  2 two-headed ogres (D:10)
  A boulder beetle (Lair:2)
  A gargoyle (D:10)
  4 cane toads
  5 komodo dragons
  2 polar bears (Lair:2)
  Grinder (D:6)
  3 blink frogs (Lair:2)
  Sigmund (D:3)
  A wraith (D:9)
  Eustachio (D:6)
  6 wyverns
  21 yaks
  A basilisk (Lair:2)
  A steam dragon (D:9)
  Edmund (D:4)
  Menkaure (D:6)
  2 nagas (Lair:2)
  Duvessa (D:6)
  7 water moccasins
  2 ice beasts
  5 orc warriors
  2 black bears
  A sky beast (D:5)
  A centaur (D:7)
  2 ogres
  4 kobold brigands
  9 bullfrogs
  3 scorpions
  A water moccasin zombie (D:5)
  A gnoll sergeant (D:10)
  Dowan (D:6)
  9 killer bees
  4 wights (D:6)
  A howler monkey (D:10)
  A hound (D:3)
  4 centaur zombies
  2 orc priests (D:6)
  A bullfrog skeleton (D:6)
  4 iguanas
  Terence (D:3)
  Natasha (thrice) (D:2)
  5 orc wizards
  A hound skeleton (D:4)
  A howler monkey zombie (D:6)
  11 adders
  5 gnolls (D:10)
  2 howler monkey skeletons
  2 white imps
  An ufetubus (D:5)
  An adder skeleton (D:4)
  2 worms
  A dart slug (D:1)
  23 orcs
  4 endoplasms
  2 giant cockroaches (D:2)
  3 goblins (D:1)
  6 hobgoblins
  10 jackals
  10 ball pythons
  6 bats
  6 frilled lizards
  22 kobolds
  A quokka skeleton (D:4)
  7 rats
258 creatures vanquished.

Vanquished Creatures (collateral kills)
  A cane toad (Lair:2)
  A yak (D:10)
  A wyvern (Lair:2)
  A centaur (D:5)
  A kobold brigand (D:8)
  A wight (D:6)
  An iguana (D:4)
  An adder (D:2)
  A giant cockroach (D:4)
  A jackal (D:1)
  2 quokkas
  A ball python (D:4)
  8 kobolds
21 creatures vanquished.

Vanquished Creatures (others)
  2 orc wizards (D:6)
  3 fungi (D:9)
  2 plants
7 creatures vanquished.

Grand Total: 286 creatures vanquished

Notes
Turn   | Place    | Note
-------+----------+-------------------------------------------
     0 | D:1      | tsouns the Demonspawn Necromancer began the quest for the
                  | Orb.
     0 | D:1      | Reached XP level 1. HP: 13/13 MP: 3/3
   260 | D:1      | Gained mutation: A weak demonic guardian rushes to your
                  | aid. [demonic ancestry]
   260 | D:1      | Reached XP level 2. HP: 13/19 MP: 0/5
   359 | D:1      | Learned a level 1 spell: Animate Skeleton
   489 | D:1      | Found Fagiol's Distillery.
   523 | D:1      | Bought a potion of degeneration for 10 gold pieces
  1482 | D:2      | Noticed Natasha
  1494 | D:2      | Killed Natasha
  1495 | D:2      | Reached skill level 5 in Necromancy
  1495 | D:2      | Gained mutation: You have a pair of small horns on your
                  | head. [demonic ancestry]
  1495 | D:2      | Reached XP level 3. HP: 2/24 MP: 0/7
  1952 | D:2      | Noticed Natasha
  1962 | D:2      | Reached XP level 4. HP: 28/30 MP: 4/8
  1965 | D:2      | Killed Natasha
  2190 | D:2      | Noticed Natasha
  2194 | D:2      | Killed Natasha
  2457 | D:2      | Gained mutation: You have a pair of horns on your head.
                  | [demonic ancestry]
  2457 | D:2      | Reached XP level 5. HP: 28/35 MP: 6/10
  2637 | D:2      | Learned a level 3 spell: Vampiric Draining
  2642 | D:2      | Learned a level 4 spell: Animate Dead
  3031 | D:2      | Noticed an ogre
  3067 | D:2      | Reached skill level 6 in Necromancy
  3443 | D:3      | Noticed Terence
  3447 | D:3      | Killed Terence
  3489 | D:3      | Noticed Sigmund
  3495 | D:3      | Killed Sigmund
  3496 | D:3      | Reached XP level 6. HP: 35/41 MP: 9/13
  3953 | D:3      | Found a faded altar of an unknown god.
  4011 | D:3      | Became a worshipper of Uskayaw the Reveller
  4011 | D:3      | Reached * piety under Uskayaw
  4244 | D:4      | Reached ** piety under Uskayaw
  4263 | D:3      | Reached skill level 7 in Necromancy
  4653 | D:4      | Reached skill level 5 in Spellcasting
  4653 | D:4      | Reached XP level 7. HP: 43/46 MP: 10/14
  4714 | D:4      | Identified the +10 scale mail of the Lizard {Str+2}
  4791 | D:4      | Noticed Edmund
  4801 | D:4      | Killed Edmund
  5093 | D:4      | You fall into a shaft and drop 2 floors!
  5133 | D:6      | Noticed Grinder
  5139 | D:6      | Killed Grinder
  5140 | D:6      | Reached skill level 8 in Necromancy
  5182 | D:6      | Noticed Duvessa
  5185 | D:6      | Noticed Dowan
  5196 | D:6      | Killed Duvessa
  5197 | D:6      | Reached XP level 8. HP: 50/52 MP: 8/17
  5199 | D:6      | Reached *** piety under Uskayaw
  5201 | D:6      | Reached **** piety under Uskayaw
  5202 | D:6      | Killed Dowan
  5337 | D:6      | Identified the +5 flail of a Labyrinth {drain, rPois rN+
                  | Int+2 Dex-3}
  5380 | D:5      | Entered Level 5 of the Dungeon
  5380 | D:5      | Noticed Menkaure
  5390 | D:6      | Killed Menkaure
  5391 | D:6      | Reached skill level 9 in Necromancy
  5442 | D:5      | Learned a level 5 spell: Agony
  6289 | D:5      | Identified the +1 pair of gloves of Okilay {Will+ Str+2
                  | Dex-5}
  6553 | D:6      | Identified a scroll of acquirement
  6553 | D:6      | Acquired a +2 pair of boots of rampaging
  6622 | D:6      | Reached skill level 10 in Necromancy
  6861 | D:6      | Gained mutation: You are partially covered in large bone
                  | plates. (SH +4) [demonic ancestry]
  6861 | D:6      | Reached XP level 9. HP: 55/57 MP: 20/20
  6906 | D:6      | Noticed Eustachio
  6958 | D:6      | Killed Eustachio
  7357 | D:7      | Found a staircase to the Ecumenical Temple.
  7520 | D:7      | Reached skill level 11 in Necromancy
  8251 | D:8      | Reached ***** piety under Uskayaw
  8397 | D:8      | Found a hazy altar of Hepliaklqana.
  8408 | D:8      | Gained mutation: You are mostly covered in large bone
                  | plates. (SH +6) [demonic ancestry]
  8408 | D:8      | Reached XP level 10. HP: 63/63 MP: 23/23
  8498 | D:8      | Reached skill level 12 in Necromancy
  9112 | D:9      | Reached skill level 10 in Spellcasting
  9209 | D:9      | Found Xiohy's Jewellery Shop.
  9379 | D:9      | Found a staircase to the Lair.
  9999 | D:10     | Entered Level 10 of the Dungeon
 10016 | D:10     | Noticed a two-headed ogre
 10025 | D:10     | Killed a two-headed ogre
 10026 | D:10     | Reached skill level 13 in Necromancy
 10236 | D:10     | Reached skill level 1 in Invocations
 10244 | D:10     | Reached skill level 1 in Fighting
 10272 | D:10     | Reached skill level 1 in Maces & Flails
 10555 | D:10     | Gained mutation: You sometimes gain a little power by
                  | taking damage. [demonic ancestry]
 10555 | D:10     | Reached XP level 11. HP: 41/70 MP: 18/26
 10697 | D:10     | Found Ulepn's Armour Boutique.
 10746 | D:10     | Noticed a two-headed ogre
 10756 | D:10     | Killed a two-headed ogre
 11565 | Lair:1   | Entered Level 1 of the Lair of Beasts
 11885 | Lair:1   | Noticed a four-headed hydra
 11902 | Lair:1   | Killed a four-headed hydra
 12860 | Lair:2   | Reached skill level 5 in Invocations
 13180 | Lair:2   | Noticed a boulder beetle
 13221 | Lair:2   | Killed a boulder beetle
 13409 | Lair:2   | Gained mutation: A demonic guardian rushes to your aid.
                  | [demonic ancestry]
 13409 | Lair:2   | Reached XP level 12. HP: 63/84 MP: 27/27
 13930 | Lair:3   | Found a staircase to the Snake Pit.
 13938 | Lair:2   | Reached skill level 14 in Necromancy
 13984 | Lair:3   | Slain by a naga

Illustrated notes

Levels and vault maps discovered:
D:1:      evilmike_arrival_plus, layout_basic, serial_shops,
          nicolae_shop_statue_plus, st_stairs_1, minmay_cut_off
D:2:      layout_loops_ring, uniq_natasha
D:3:      layout_loops_ring, hellmonk_ecumenical_altar_arch_garden,
          uniq_terence, uniq_sigmund
D:4:      layout_layer_cave, saegor_snake_ambush, uniq_edmund
D:5:      layout_rooms, uniq_menkaure
D:6:      layout_basic, uniq_eustachio, uniq_duvessa, uniq_grinder
D:7:      layout_cave_pods, minmay_temple_entry_grid
D:8:      layout_basic, old_standard_altar
D:9:      layout_stronghold, grunt_lair_entry_orc_guard_hut, serial_shops,
          nicolae_shop_window_shopping, feat_on_display
D:10:     layout_layer_cave, serial_shops, nicolae_shop_stone
Lair:1:   layout_layer_cave, bh_autumn_forest_stairs, serial_bayou_shore_a,
          grunt_megastairs_1
Lair:2:   layout_roguey
Lair:3:   layout_cave_shapes, nicolae_swamp_entry_splash_gauntlet,
          minmay_snake_entry_guardpost_small, beast_lair_carwin_9

Skill      XL: |  1  2  3  4  5  6  7  8  9 10 11 12 |
---------------+-------------------------------------+-----
Spellcasting   | 3 4 5 6 7 9 11 | 11.7
Necromancy     | 5 6 7 8 10 11 13 14 | 14.0
Invocations    | 1 6 |  6.5
Fighting       | 1 4 |  4.9
Maces & Flails | 1 4 |  4.4
Dodging        | |  1.7
Stealth        | |  1.7

Action                   |  1- 3 |  4- 6 |  7- 9 | 10-12 || total
-------------------------+-------+-------+-------+-------++-------
Melee: Dagger            |    14 |       |       |       ||    14
       Battleaxe         |       |     7 |     3 |       ||    10
       Headbutt          |       |     1 |    35 |    45 ||    81
       Dire flail        |       |       |    37 |       ||    37
       Flail             |       |       |   269 |   512 ||   781
Throw: Dart              |       |     4 |     4 |       ||     8
 Cast: Pain              |    59 |    89 |    62 |    13 ||   223
       Animate Skeleton  |       |     8 |     4 |     1 ||    13
       Vampiric Draining |       |       |     8 |    35 ||    43
       Animate Dead      |       |       |       |     8 ||     8
  Use: Scroll            |       |       |     9 |     7 ||    16
 Stab: Paralysed         |       |       |     8 |    29 ||    37
Armor: Robe              |     8 |    13 |       |       ||    21
       Scale mail        |       |       |   289 |   499 ||   788
Dodge: Dodged            |    11 |    32 |   185 |   312 ||   540
Block: Other             |       |       |    41 |   229 ||   270

Table legend: (Time is in decaauts)
 A = Elapsed time spent in this place.
 B = Non-inter-level travel time spent in this place.
 C = Inter-level travel time spent in this place.
 D = Time resting spent in this place.
 E = Time spent auto-exploring this place.
 F = Levels seen in this place.
 G = Mean time per level.
                   A        B        C        D        E       F      G
               +--------+--------+--------+--------+--------+-----+--------+
         Total |  14315 |  13963 |    352 |     55 |  11429 |  13 | 1101.2 |
       Dungeon |  11827 |  11548 |    279 |     55 |   9480 |  10 | 1182.7 |
          Lair |   2488 |   2416 |     72 |      0 |   1949 |   3 |  829.3 |
               +--------+--------+--------+--------+--------+-----+--------+

Top non-repeatable levels by time:
     D:1: 1972 daAuts
    D:10: 1549 daAuts
     D:3: 1329 daAuts
  Lair:1: 1314 daAuts
     D:2: 1286 daAuts
     D:4: 1150 daAuts
  Lair:2: 1148 daAuts
     D:6: 1112 daAuts
     D:9: 1087 daAuts
     D:8: 944 daAuts
     D:7: 853 daAuts
     D:5: 541 daAuts
  Lair:3: 26 daAuts
